AoeStats
← Chris

Arena

505280002Analyzed
4v4 RM · 24d ago on Sep 8, 2026· 60m 9s· 8 players
Game mode
Random Map
Map size
Large (8 player)
Population
200
Speed
Normal
Resources
Standard
Victory
Conquest
Starting age
Dark Age
Ending age
Imperial Age
RankedLock teamsTeams togetherTeam positionsShared explorationLock speedFull tech treeHidden civsTurbo modeCheats
Victory
Defeat
🇺🇸 Mongols · United States
1502
+14
🇺🇸 Slavs · United States
1501
+14
🇩🇪 Malians · Germany
1493
+14
🇩🇪 Teutons · Germany
1432
+17
🇧🇷 Tupi · Brazil
1575
-20
🇮🇳 Gurjaras · India
1413
-13
🇨🇦 Dravidians · Canada
1412
-13
🇺🇸 Hindustanis · United States
1412
-13
Dwarf king
9:38 Feudal Age
13:58 Castle Age
14:12 Double-Bit Axe
14:08 Horse Collar
20:49 Loom
22:53 Bow Saw
25:23 Wheelbarrow
25:42 Gold Mining
25:42 Stone Mining
30:11 Imperial Age
28:26 Hand Cart
28:48 Gold Shaft Mining
28:18 Fletching
29:11 Bodkin Arrow
30:44 Bloodlines
30:43 Thumb Ring
31:52 Chemistry
31:13 Ballistics
31:10 Bracer
31:44 Padded Archer Armor
32:47 Parthian Tactics
32:50 Ballistics
33:15 Conscription
32:54 Capped Ram
33:47 Husbandry
34:03 Leather Archer Armor
34:28 Stone Shaft Mining
34:46 Siege Engineers
35:39 Elite Mangudai
38:57 Siege Ram
41:02 Drill
41:20 Hoardings
42:58 Fortified Wall
42:56 Murder Holes
45:43 Onager
Kempinho
10:23 Feudal Age
14:08 Castle Age
11:52 Horse Collar
12:26 Double-Bit Axe
18:49 Wheelbarrow
20:40 Gold Mining
21:34 Hand Cart
22:00 Loom
22:00 Town Watch
25:10 Heavy Plow
26:28 Gold Shaft Mining
25:44 Stone Mining
30:23 Imperial Age
28:13 Scale Barding Armor
28:56 Forging
29:32 Husbandry
29:42 Bloodlines
29:53 Chain Barding Armor
30:47 Iron Casting
30:24 Heavy Camel Rider
31:05 Farimba
33:08 Chemistry
33:12 Plate Barding Armor
33:48 Fletching
35:22 Bodkin Arrow
35:39 Masonry
37:26 Architecture
37:19 Ballistics
41:29 Coinage
50:59 Light Cavalry
52:38 Town Patrol
53:37 Caravan
AML4554
9:54 Feudal Age
15:15 Castle Age
13:18 Horse Collar
13:47 Double-Bit Axe
16:31 Bow Saw
22:58 Heavy Plow
24:38 Wheelbarrow
26:19 Hand Cart
26:35 Loom
27:13 Loom
33:55 Imperial Age
31:47 Detinets
31:37 Pikeman
32:18 Squires
33:29 Scale Mail Armor
33:40 Forging
34:49 Chain Mail Armor
34:01 Halberdier
35:27 Druzhina
35:37 Capped Ram
37:47 Plate Mail Armor
37:54 Iron Casting
37:45 Conscription
38:46 Two-Man Saw
38:59 Onager
40:50 Crop Rotation
41:11 Siege Engineers
42:07 Chemistry
40:39 Siege Onager
43:52 Blast Furnace
43:05 Fortified Wall
43:17 Ballistics
43:08 Masonry
43:44 Hoardings
46:59 Caravan
46:57 Gold Mining
55:00 Coinage
54:09 Siege Ram
55:05 Siege Ram
fake
8:41 Feudal Age
8:50 Loom
10:58 Fletching
12:54 Double-Bit Axe
12:52 Horse Collar
21:57 Castle Age
21:13 Gold Mining
21:16 Stone Mining
24:35 Bodkin Arrow
26:29 Bow Saw
26:36 Scale Barding Armor
27:02 Town Watch
30:41 Chain Barding Armor
34:44 Imperial Age
33:40 Forging
34:17 Masonry
37:06 Chemistry
38:30 Plate Barding Armor
37:58 Padded Archer Armor
38:31 Elite Skirmisher
39:12 Elite Skirmisher
41:18 Leather Archer Armor
43:11 Ring Archer Armor
46:06 Wheelbarrow
48:54 Hand Cart
51:19 Capped Ram
56:58 Bloodlines
57:08 Cavalier
Chris
10:56 Feudal Age
11:32 Horse Collar
14:56 Castle Age
12:46 Horse Collar
14:07 Double-Bit Axe
16:28 Bow Saw
17:27 Heavy Plow
23:26 Wheelbarrow
22:39 Town Watch
25:30 Loom
26:00 Hand Cart
25:42 Gold Mining
27:35 Gold Shaft Mining
28:27 Scale Barding Armor
28:33 Forging
28:28 Grand Trunk Road
31:27 Imperial Age
29:02 Husbandry
29:51 Bloodlines
30:31 Chain Barding Armor
31:45 Iron Casting
31:30 Heavy Camel Rider
32:48 Plate Barding Armor
33:17 Two-Man Saw
32:10 Stone Mining
33:58 Blast Furnace
32:49 Siege Elephant
35:21 Shatagni
35:39 Imperial Camel Rider
36:27 Padded Archer Armor
39:12 Leather Archer Armor
40:07 Light Cavalry
41:53 Hussar
44:47 Chemistry
Mr.stealyoBoar
10:45 Feudal Age
10:31 Loom
15:05 Castle Age
16:12 Double-Bit Axe
21:41 Horse Collar
25:21 Bow Saw
28:15 Fortified Wall
29:12 Gold Mining
30:08 Ballistics
33:42 Imperial Age
31:25 Fletching
31:36 Padded Archer Armor
33:29 Thumb Ring
33:24 Bodkin Arrow
33:44 Leather Archer Armor
33:53 Elite Elephant Archer
35:35 Chemistry
34:47 Bracer
36:15 Medical Corps
40:37 Siege Elephant
NoobSlayer26202
10:04 Feudal Age
15:31 Castle Age
13:56 Double-Bit Axe
13:54 Horse Collar
16:36 Bow Saw
17:08 Wheelbarrow
24:03 Loom
25:37 Stone Mining
25:41 Gold Mining
29:08 Imperial Age
27:47 Stone Shaft Mining
27:47 Gold Shaft Mining
28:06 Scale Barding Armor
28:11 Forging
28:09 Heavy Plow
27:55 Treadmill Crane
28:27 Masonry
29:18 Chain Barding Armor
30:13 Iron Casting
30:14 Bloodlines
30:06 Husbandry
29:27 Heavy Camel Rider
30:34 Hand Cart
30:45 Kshatriyas
31:01 Conscription
30:56 Elite Shrivamsha Rider
32:09 Frontier Guards
33:17 Plate Barding Armor
36:19 Elite Shrivamsha Rider
38:38 Architecture
38:46 Hoardings
39:17 Light Cavalry
43:05 Crop Rotation
42:10 Hussar
Fs.7mendes
9:30 Feudal Age
9:00 Loom
13:17 Castle Age
11:37 Double-Bit Axe
12:08 Horse Collar
20:03 Fletching
20:55 Bodkin Arrow
22:15 Bow Saw
21:58 Town Watch
24:33 Ballistics
27:16 Padded Archer Armor
28:45 Wheelbarrow
31:16 Heavy Plow
31:09 Gold Mining
31:11 Stone Mining
31:46 Hand Cart
37:22 Imperial Age
39:24 Chemistry
38:55 Bracer
40:20 Conscription
40:26 Curare
54:57 Elite Skirmisher
Connection lost

Rejoining the realm…

Still unreachable

The connection could not be restored.

Session expired

The server has moved on; the page needs a fresh start.